AoeStats
← hedgecock

Arabia

510345369Analyzed
1v1 RM · 3d ago on Sep 30, 2026· 45m 36s· 2 players
Game mode
Random Map
Map size
Tiny (2 player)
Population
200
Speed
Normal
Resources
Standard
Victory
Conquest
Starting age
Dark Age
Ending age
Imperial Age
RankedLock teamsTeams togetherTeam positionsShared explorationLock speedFull tech treeHidden civsTurbo modeCheats
Victory
Defeat
🇺🇸 Magyars · United States
841
+14
🇵🇱 Portuguese · Poland
805
-14
hedgecock
7:34 Loom
11:03 Feudal Age
12:48 Double-Bit Axe
16:57 Horse Collar
20:06 Forging
19:56 Scale Mail Armor
22:34 Wheelbarrow
24:56 Castle Age
23:13 Fletching
25:50 Bow Saw
27:14 Pikeman
27:41 Gambesons
28:14 Murder Holes
29:56 Thumb Ring
30:50 Heavy Plow
33:37 Elite Skirmisher
39:13 Ballistics
39:16 Chain Mail Armor
40:05 Padded Archer Armor
40:42 Iron Casting
40:07 Bodkin Arrow
41:54 Fervor
42:05 Sanctity
45:27 Imperial Age
45:36 Imperial Age
44:10 Sanctity
Morgan Wyrd
6:43 Loom
9:24 Feudal Age
19:04 Wheelbarrow
21:45 Castle Age
19:59 Horse Collar
20:23 Fletching
20:34 Padded Archer Armor
21:12 Gold Mining
21:49 Scale Barding Armor
22:57 Double-Bit Axe
23:34 Bodkin Arrow
23:56 Leather Archer Armor
25:00 Bow Saw
25:40 Fervor
26:35 Heavy Plow
26:38 Stone Mining
29:21 Gold Shaft Mining
30:16 Ballistics
31:17 Thumb Ring
35:24 Imperial Age
33:32 Corvinian Army
36:09 Husbandry
36:19 Bloodlines
35:30 Light Cavalry
35:39 Light Cavalry
36:30 Bloodlines
37:26 Parthian Tactics
36:22 Heavy Cavalry Archer
37:26 Hussar
38:29 Conscription
37:29 Elite Magyar Huszar
38:11 Recurve Bow
39:45 Chemistry
38:40 Murder Holes
38:57 Masonry
39:16 Elite Magyar Huszar
39:27 Elite Magyar Huszar
40:20 Bracer
40:27 Scale Barding Armor
41:59 Ring Archer Armor
41:14 Treadmill Crane
43:10 Siege Engineers
Connection lost

Rejoining the realm…

Still unreachable

The connection could not be restored.

Session expired

The server has moved on; the page needs a fresh start.